 Dungeon Crawl Stone Soup version 0.30.1-4-g462c640d31 (webtiles) character file.

Game seed: 10196399560424681322

418 ChiefBigBeans the Ducker (level 7, -10/49 HPs)
             Began as a Djinni Fire Elementalist on Sept 5, 2023.
             Mangled by Crazy Yiuf
             ... wielding a +3 quarterstaff of chaos
              (20 damage)
             ... on level 4 of the Dungeon.
             The game lasted 00:09:30 (2767 turns).

ChiefBigBeans the Ducker (Djinni Fire Elementalist) Turns: 2767, Time: 00:09:31

Health: -10/49     AC: 14    Str:  7    XL:     7   Next: 16%
Gold:   217        EV: 10    Int: 19    God:
                   SH:  5    Dex: 13

rFire   + + +        c - +3 whip (vamp)
rCold   x x .        (no shield)
rNeg    . . .        g - +3 ring mail
rPois   ∞            (no helmet)
rElec   .            (no cloak)
rCorr   .            (no gloves)
SInv    +            (boots unavailable)
Will    .....        p - amulet of reflection
Stlth   +            b - +4 ring of protection
HPRegen 0.28/turn    i - ring of fire
MPRegen 0.00/turn

%: reflection, infuse magic (-11 HP)
@: flying
A: sickness immunity, fire resistance 2, cold vulnerability 1, float, innate
caster, HP casting, extra vitality 1, iridescent scales 1, see invisible
a: no special abilities


You were on level 4 of the Dungeon.
You visited 1 branch of the dungeon, and saw 4 of its levels.

You collected 217 gold pieces.

Inventory:

Hand Weapons
 c - a +3 vampiric whip (weapon)
Armour
 a - a +0 robe
 g - a +3 ring mail (worn)
Jewellery
 b - a +4 ring of protection (left hand)
 i - a ring of fire (right hand)
 p - an amulet of reflection (around neck)
Wands
 l - a wand of mindburst (14)
 q - a wand of light (5)
Scrolls
 d - a scroll of identify
 h - 2 scrolls of teleportation
 k - 2 scrolls of fog
 m - a scroll of blinking
Potions
 f - a potion of might
 r - a potion of haste


   Skills:
 + Level 2.6 Fighting
 + Level 2.1 Maces & Flails
 + Level 2.6 Armour
 + Level 4.0 Dodging
 - Level 1.8 Stealth
 + Level 3.3 Spellcasting


You knew the following spells:

 Your Spells              Type           Power      Damage    Failure   Level
a - Foxfire               Conj/Fire      96%        2x1d8     12%         1
b - Scorch                Fire           48%        2d7       19%         2
c - Volatile Blastmotes   Fire/Tloc      48%        2d14      34%         3
d - Inner Flame           Hex/Fire       24%        N/A       34%         3
e - Flame Wave            Conj/Fire      24%        2d8       75%         4
f - Sandblast             Erth           32%        2d9       12%         1
g - Blink                 Tloc           32%        N/A       19%         2
h - Call Imp              Summ           32%        N/A       19%         2
Your spell library was empty.

Dungeon Overview and Level Annotations

Branches:
Dungeon (4/15)             Temple (0/1) D:4

Altars:
Ashenzari
Trog

Annotations:
D:4 2 runed translucent doors, Crazy Yiuf; Wiggles's ghost, novice MiBe


Innate Abilities, Weirdness & Mutations

You are immune to sickness and miasma.
You are immune to poison.
Your flesh is very heat resistant. (rF++)
You are vulnerable to cold. (rC-)
You float through the air rather than walking.
You learn spells naturally, not from books.
Your magical power is your life essence.
You have superior vitality. (+4 MHP)
You are partially covered in iridescent scales. (AC +2)
You have supernaturally acute eyesight. (SInv)


Message History

You hit Crazy Yiuf.
You feel better.
Crazy Yiuf is lightly wounded.
Crazy Yiuf hits you with a +3 quarterstaff of chaos!
You feel a surge of power!
You conjure some foxfire!
Crazy Yiuf hits you with a +3 quarterstaff of chaos.
Crazy Yiuf freezes you.
You feel a surge of power!
There is not enough space to conjure foxfire!
You feel a surge of power!
There is not enough space to conjure foxfire!
You feel a surge of power!
There is not enough space to conjure foxfire!
You barely miss Crazy Yiuf.
Crazy Yiuf is lightly wounded.
The foxfire hits Crazy Yiuf!
Crazy Yiuf is heavily wounded.
The foxfire hits Crazy Yiuf!
Crazy Yiuf is almost dead.
You block Crazy Yiuf's attack.
You hit Crazy Yiuf but do no damage.
Crazy Yiuf is almost dead.
Crazy Yiuf cries, "Mountain!
Mugger action tea."
Crazy Yiuf hits you with a +3 quarterstaff of chaos!
Space warps horribly around you!
Your magical contamination has completely faded away.
Unknown command.
You are too injured to fight recklessly!
You are too injured to fight recklessly!
You are too injured to fight recklessly!
You are too injured to fight recklessly!
You are too injured to fight recklessly!
You are too injured to fight recklessly!
You are too injured to fight recklessly!
Casting: Foxfire (safe; 12% risk of failure)
Press: ? - help, Q - select action, (/) - cycle Dir - look around, f - activate You feel a surge of power!
You conjure some foxfire!
Crazy Yiuf hits you with a +3 quarterstaff of chaos!
* * * LOW HITPOINT WARNING * * *
You are electrocuted!!
You die...

####.## #....#.
##<..... #.......
#......# #.....##
#### ♣♣##.....#
#).v#♣♣ ♣♣.#......#
#..g@v♣♣♣♣.........#
#..v#♣..♣..........#
#### ♣♣♣.♣..#.######
♣♣♣♣♣###


You could see Crazy Yiuf (ally target).

Vanquished Creatures
  A black bear (D:4)
  A phantom (D:4)
  A hound (D:4)
  An orc priest (D:4)
  Jessica (D:3)
  An iguana (D:4)
  Ijyb (D:3)
  6 adders
  A dart slug (D:2)
  9 orcs
  2 endoplasms
  3 giant cockroaches
  6 goblins
  2 hobgoblins
  3 jackals (D:2)
  3 kobolds
  3 quokkas
  4 ball pythons
  5 bats
  3 frilled lizards
  6 rats
63 creatures vanquished.

Vanquished Creatures (others)
  164 foxfires
164 creatures vanquished.

Grand Total: 227 creatures vanquished

Notes
Turn   | Place    | Note
-------+----------+-------------------------------------------
     0 | D:1      | ChiefBigBeans the Djinni Fire Elementalist began the quest
                  | for the Orb.
     0 | D:1      | ChiefBigBeans set off with the following spells memorised:
                  | Foxfire, Scorch, Volatile Blastmotes, Inner Flame, Flame
                  | Wave.
     0 | D:1      | Reached XP level 1. HP: 15/15 MP: 0/0
   207 | D:1      | Reached XP level 2. HP: 17/21 MP: 0/0
   926 | D:2      | Reached XP level 3. HP: 24/26 MP: 0/0
   926 | D:2      | Learned a level 1 spell: Sandblast
  1759 | D:3      | Reached skill level 1 in Armour
  1853 | D:3      | Reached XP level 4. HP: 27/31 MP: 0/0
  1972 | D:3      | Found a broken altar of Ashenzari.
  1973 | D:3      | Found a bloodstained altar of Trog.
  2038 | D:3      | Reached skill level 1 in Fighting
  2038 | D:3      | Reached skill level 3 in Dodging
  2087 | D:3      | Found a faded altar of an unknown god.
  2174 | D:3      | Noticed Jessica
  2178 | D:3      | Noticed Ijyb
  2178 | D:3      | Killed Jessica
  2179 | D:3      | Reached skill level 1 in Maces & Flails
  2179 | D:3      | Reached XP level 5. HP: 35/37 MP: 0/0
  2179 | D:3      | Learned a level 2 spell: Blink
  2188 | D:3      | Killed Ijyb
  2282 | D:4      | Noticed a black bear
  2291 | D:4      | Killed a black bear
  2292 | D:4      | Reached XP level 6. HP: 38/43 MP: 0/0
  2314 | D:4      | Found a large runed translucent door.
  2314 | D:4      | Found a large runed translucent door.
  2337 | D:4      | Found a staircase to the Ecumenical Temple.
  2465 | D:4      | Gained mutation: You have supernaturally acute eyesight.
                  | (SInv) [potion of mutation]
  2465 | D:4      | Gained mutation: You are partially covered in iridescent
                  | scales. (AC +2) [potion of mutation]
  2532 | D:4      | Reached skill level 4 in Dodging
  2532 | D:4      | Reached XP level 7. HP: 43/49 MP: 0/0
  2532 | D:4      | Learned a level 2 spell: Call Imp
  2678 | D:4      | Noticed Wiggles's ghost (novice MiBe)
  2755 | D:4      | Found a runed translucent door.
  2756 | D:4      | Noticed Crazy Yiuf
  2767 | D:4      | Mangled by Crazy Yiuf

Illustrated notes

Levels and vault maps discovered:
D:1:      psy_arrival_basics, layout_basic
D:2:      layout_loops_corners
D:3:      layout_basic, gammafunk_temple_overflow_statue,
          ebering_ecumenical_altar_petrified, grunt_ministairs_14, uniq_jessica,
          uniq_ijyb
D:4:      layout_rooms, minmay_temple_entry_statues,
          ebering_ghost_disaster_area, hangedman_decor_growths,
          uniq_crazy_yiuf_cottage

Skill      XL: |  1  2  3  4  5  6 |
---------------+-------------------+-----
Armour         | 1 2 |  2.6
Fighting       | 1 2 |  2.6
Dodging        | 3 4 |  4.0
Maces & Flails | 1 2 |  2.1
Spellcasting   | 3 |  3.3
Stealth        | |  1.8

Action                     |  1- 3 |  4- 6 |  7- 9 || total
---------------------------+-------+-------+-------++-------
  Melee: Unarmed           |     5 |       |       ||     5
         Whip              |    14 |    26 |     9 ||    49
   Cast: Foxfire           |    42 |    58 |     8 ||   108
         Sandblast         |    26 |       |       ||    26
    Use: Scroll            |     7 |     1 |     1 ||     9
         Potion            |     5 |     5 |       ||    10
 Armour: Robe              |    12 |     1 |       ||    13
         Ring mail         |       |     1 |     6 ||     7
  Dodge: Dodged            |    40 |    25 |     1 ||    66
  Block: Other             |       |       |     1 ||     1
